 Dungeon Crawl Stone Soup version 0.29-a0-575-g0dc89cf053 (webtiles) character file.

Game seed: 15978316879147985402

197 DocClef the Covert (level 5, -3/47 HPs)
             Began as a Gnoll Delver on June 12, 2022.
             Splashed by a jelly's acid (5 damage)
             ... on level 5 of the Dungeon.
             The game lasted 00:00:37 (512 turns).

DocClef the Covert (Gnoll Delver)                    Turns: 512, Time: 00:00:37

Health: -3/47      AC: -4    Str: 11    XL:     5   Next: 75%
Magic:  7/7        EV: 13    Int: 10    God:
Gold:   46         SH:  0    Dex: 15    Spells: 7/7 levels left

rFire   . . .      SeeInvis .   a - +0 short sword
rCold   . . .      Faith    .   (no shield)
rNeg    . . .      Spirit   .   b - +0 leather armour
rPois   .          Reflect  .   (no helmet)
rElec   .          Harm     .   (no cloak)
rCorr   .          Rampage  .   (no gloves)
Will    .....                   (no boots)
Stlth   ++++......              (no amulet)
HPRegen 0.15/turn               (no ring)
MPRegen 0.10/turn               (no ring)

@: corroded
A: fangs 1, strong nose, distributed training
a: no special abilities


You were on level 5 of the Dungeon.
You visited 1 branch of the dungeon, and saw 1 of its levels.

You collected 46 gold pieces.

Inventory:

Hand Weapons
 a - a +0 short sword (weapon)
Armour
 b - a +0 leather armour (worn)
Wands
 g - a wand of digging (3)
Scrolls
 c - a scroll of fog
 d - a scroll of magic mapping
 e - a scroll of fear
Potions
 f - a potion of haste
 h - a potion of berserk rage {unknown}
 i - a potion of degeneration {unknown}


   Skills:
 + Level 6.7 Fighting
 + Level 4.8 Short Blades
 + Level 1.6 Long Blades
 + Level 1.6 Axes
 + Level 1.6 Maces & Flails
 + Level 1.6 Polearms
 + Level 1.6 Staves
 + Level 1.6 Slings
 + Level 1.6 Bows
 + Level 1.6 Crossbows
 + Level 1.6 Throwing
 + Level 1.6 Armour
 + Level 4.8 Dodging
 + Level 9.7 Stealth
 + Level 1.6 Shields
 + Level 1.6 Unarmed Combat
 + Level 1.6 Spellcasting
 + Level 1.3 Conjurations
 + Level 1.3 Hexes
 + Level 1.3 Summonings
 + Level 1.3 Necromancy
 + Level 1.3 Translocations
 + Level 1.3 Transmutations
 + Level 1.3 Fire Magic
 + Level 1.3 Ice Magic
 + Level 1.3 Air Magic
 + Level 1.3 Earth Magic
 + Level 1.3 Poison Magic
 + Level 1.8 Invocations
 + Level 1.6 Evocations


You had 7 spell levels left.
You didn't know any spells.
Your spell library was empty.

Dungeon Overview and Level Annotations

Branches:
Dungeon (5/15)
 Temple: D:4-7

Altars:


Innate Abilities, Weirdness & Mutations

You have very sharp teeth.
Your uncanny sense of smell can sniff out nearby items.
Your experience applies equally to all skills.


Message History

You kill the orc!
You hit something. Something completely misses you.
You hit something but do no damage. Your bite misses something.
Something hits you but does no damage.
You hit something. Your bite misses something. You miss something.
You hear some strange, mumbled words.
Something tries to affect you, but you resist.
You barely miss something. Something hits you but does no damage.
You closely miss something.
You hear some strange, mumbled words.
A magic dart appears from out of thin air!
The magic dart hits you!
You are too injured to fight recklessly!
You are too injured to fight recklessly!
You are too injured to fight recklessly!
You are too injured to fight recklessly!
You are too injured to fight recklessly!
You are too injured to fight recklessly!
You are too injured to fight recklessly!
You are too injured to fight recklessly!
You are too injured to fight recklessly!
You are too injured to fight recklessly!
You are too injured to fight recklessly!
Unknown command.
You hit something.
Reactivating autopickup.
You feel a bit more experienced.
You hit the jelly.
Your hands burn!
The jelly is lightly wounded.
The jelly closely misses you.
You hit the jelly. The acid corrodes you!
Your hands burn!
* * * LOW HITPOINT WARNING * * *
The jelly is lightly wounded.
The jelly hits you.
* * * LOW HITPOINT WARNING * * *
You are splashed with acid!
* * * LOW HITPOINT WARNING * * *
You hit the jelly but do no damage. The acid corrodes you!
Your hands burn!
You die...

##..# ....# ...##
#########
...######.......#
...##.##........#
#.........#####.##
..>......## ∆##.#
##..####.# ∆ #.#
##.## ### ∆ #@#
...# ∆#J# ...# #.#
...## ∆ .##
....#### #
.......# .......#
∆∆ .......##
........###...


You could see a jelly.

Vanquished Creatures
  An ogre (D:5)
  A scorpion (D:5)
  An orc wizard (D:5)
  An adder (D:5)
  An ufetubus (D:5)
  A dart slug (D:5)
  5 orcs (D:5)
  A quokka (D:5)
12 creatures vanquished.

Notes
Turn   | Place    | Note
-------+----------+-------------------------------------------
     0 | D:5      | Reached skill level 9 in Stealth
     0 | D:5      | DocClef the Gnoll Delver began the quest for the Orb.
     0 | D:5      | Reached XP level 1. HP: 23/23 MP: 1/1
   101 | D:5      | Reached XP level 2. HP: 27/29 MP: 2/2
   172 | D:5      | Noticed a scorpion
   201 | D:5      | Killed a scorpion
   202 | D:5      | Reached skill level 1 in Long Blades
   202 | D:5      | Reached skill level 1 in Axes
   202 | D:5      | Reached skill level 1 in Maces & Flails
   202 | D:5      | Reached skill level 1 in Polearms
   202 | D:5      | Reached skill level 1 in Staves
   202 | D:5      | Reached skill level 1 in Slings
   202 | D:5      | Reached skill level 1 in Bows
   202 | D:5      | Reached skill level 1 in Crossbows
   202 | D:5      | Reached skill level 1 in Throwing
   202 | D:5      | Reached skill level 1 in Armour
   202 | D:5      | Reached skill level 1 in Shields
   202 | D:5      | Reached skill level 1 in Unarmed Combat
   202 | D:5      | Reached skill level 1 in Spellcasting
   202 | D:5      | Reached skill level 1 in Invocations
   202 | D:5      | Reached skill level 1 in Evocations
   202 | D:5      | Reached XP level 3. HP: 29/35 MP: 2/4
   202 | D:5      | Reached XP level 4. HP: 34/41 MP: 2/5
   270 | D:5      | Noticed an ogre
   286 | D:5      | Killed an ogre
   287 | D:5      | Reached skill level 1 in Conjurations
   287 | D:5      | Reached skill level 1 in Hexes
   287 | D:5      | Reached skill level 1 in Summonings
   287 | D:5      | Reached skill level 1 in Necromancy
   287 | D:5      | Reached skill level 1 in Translocations
   287 | D:5      | Reached skill level 1 in Transmutations
   287 | D:5      | Reached skill level 1 in Fire Magic
   287 | D:5      | Reached skill level 1 in Ice Magic
   287 | D:5      | Reached skill level 1 in Air Magic
   287 | D:5      | Reached skill level 1 in Earth Magic
   287 | D:5      | Reached skill level 1 in Poison Magic
   287 | D:5      | Reached XP level 5. HP: 36/47 MP: 5/7
   511 | D:5      | HP: 2/47 [acid (9)]
   512 | D:5      | Splashed by a jelly's acid

Illustrated notes

Levels and vault maps discovered:
D:5:      layout_cave_pools, minmay_joined_circles, uniq_sigmund

Skill      XL: |  1  2  3  4 |
---------------+-------------+-----
Stealth        | |  9.7
Long Blades    | 1 |  1.6
Axes           | 1 |  1.6
Maces & Flails | 1 |  1.6
Polearms       | 1 |  1.6
Staves         | 1 |  1.6
Slings         | 1 |  1.6
Bows           | 1 |  1.6
Crossbows      | 1 |  1.6
Throwing       | 1 |  1.6
Armour         | 1 |  1.6
Shields        | 1 |  1.6
Unarmed Combat | 1 |  1.6
Spellcasting   | 1 |  1.6
Invocations    | 1 |  1.8
Evocations     | 1 |  1.6
Conjurations   | 1 |  1.3
Hexes          | 1 |  1.3
Summonings     | 1 |  1.3
Necromancy     | 1 |  1.3
Translocations | 1 |  1.3
Transmutations | 1 |  1.3
Fire Magic     | 1 |  1.3
Ice Magic      | 1 |  1.3
Air Magic      | 1 |  1.3
Earth Magic    | 1 |  1.3
Poison Magic   | 1 |  1.3
Fighting       | |  6.7
Short Blades   | |  4.8
Dodging        | |  4.8

Action                   |  1- 3 |  4- 6 || total
-------------------------+-------+-------++-------
Melee: Short sword       |    39 |    42 ||    81
       Bite              |     1 |     5 ||     6
 Stab: Sleeping          |     3 |     1 ||     4
Armor: Leather armour    |     4 |     4 ||     8
Dodge: Dodged            |    28 |    15 ||    43

Table legend: (Time is in decaauts)
 A = Elapsed time spent in this place.
 B = Non-inter-level travel time spent in this place.
 C = Inter-level travel time spent in this place.
 D = Time resting spent in this place.
 E = Time spent auto-exploring this place.
 F = Levels seen in this place.
 G = Mean time per level.
                   A        B        C        D        E       F      G
               +--------+--------+--------+--------+--------+-----+--------+
         Total |    501 |    501 |      0 |      0 |    368 |   1 |  501.0 |
       Dungeon |    501 |    501 |      0 |      0 |    368 |   1 |  501.0 |
               +--------+--------+--------+--------+--------+-----+--------+

Top non-repeatable levels by time:
     D:5: 501 daAuts
